[Event "15th Paleochora Open 2022"]
[Site "Paleochora"]
[Date "2022.07.24"]
[Round "9.11"]
[White "Alexiadis, Hristos"]
[Black "Spyropoulos, Nikolaos"]
[Result "1/2-1/2"]
[ECO "E00"]
[WhiteElo "2283"]
[BlackElo "2446"]
[Annotator "TA"]
[PlyCount "167"]
[EventDate "2022.07.17"]
[EventType "swiss"]
[EventCountry "GRE"]
[SourceTitle "playchess.com"]
[Source "ChessBase"]
[SourceQuality "1"]
[TimeControl "40/5400+30:900+30"]

1. d4 Nf6 2. c4 e6 3. g3 Bb4+ 4. Bd2 a5 5. Bg2 d6 6. e3 {E00: Catalan Bogo-Indian (3 g3 Bb4+).} Nbd7 7. Ne2 e5 8. O-O {White is slightly better.} Bxd2 9. Qxd2 O-O 10. Nbc3 c6 {[#]} 11. b3 $146 ({Predecessor:} 11. h3 Re8 12. g4 h6 13. Ng3 Nf8 14. f4 exd4 15. exd4 a4 16. f5 N8h7 17. Qf4 {1-0 (33) Matlakov,M (2689)-Stern,R (2538) Berlin 2015}) 11... Re8 12. e4 Qe7 13. Rad1 Nf8 14. d5 cxd5 15. Nxd5 Nxd5 16. Qxd5 Ra6 17. Nc3 Bg4 (17... Ne6 $14) 18. Rd2 $16 Be6 19. Qd3 Nd7 20. Nb5 Nc5 21. Qe3 h6 22. Rfd1 Rd8 23. h4 Rc6 24. Bf3 b6 25. Kg2 Kh7 26. Rh1 Bc8 27. Rhd1 (27. Be2 $16) 27... Ne6 (27... Be6 $1 $11) 28. Nc3 Ba6 29. Nd5 Qa7 30. Bg4 {White is more active.} Nd4 31. Bf5+ Kh8 32. Rxd4 (32. g4 $1 $18) 32... exd4 33. Qxd4 Rc5 34. a4 {[%mdl 1024] White has compensation.} Bb7 35. Ne3 Bc6 36. f3 Qe7 37. h5 Qe5 38. Ng4 Qxd4 39. Rxd4 Kg8 40. Nf2 Re5 41. Nd3 Ree8 42. Nf4 Re7 43. Nd3 Kf8 44. Kf2 Rc7 45. Nf4 Ke7 46. Ke3 Kf6 47. Rd1 Re7 48. Rc1 Rb7 49. Rd1 Ke7 50. Rd2 Rbb8 51. Rc2 Rg8 52. Bh7 Rgf8 53. Bf5 Kd8 54. Rd2 Kc7 55. Nd5+ Bxd5 56. cxd5 $11 {[%mdl 4096] Endgame KRR-KRB} Rbd8 57. Rc2+ Kb7 58. Bh3 Rfe8 59. Bf1 f5 60. Bb5 Re5 61. Kd4 fxe4 62. fxe4 Rf8 63. Bc6+ Kb8 64. Bd7 ({White should try} 64. Bb5 $15) 64... Rf6 $2 (64... Rxh5 $17 {keeps the pressure on. Strongly threatening ...Rh1.} 65. Rc6 Rd8) 65. Rc8+ (65. Rc6 $16) 65... Kb7 $14 66. Rg8 (66. Rc6 $14) 66... Rxh5 (66... Re7 $5 67. Bc6+ Kc7 $11) 67. Bc6+ Kc7 68. Rxg7+ Kd8 69. Rd7+ Kc8 70. Re7 Rf8 ({Black should play} 70... Kd8 $11 71. Re8+ Kc7) 71. Ra7 (71. Rh7 $14) 71... Rf3 $11 72. Re7 Re5 73. Rxe5 dxe5+ 74. Kxe5 Rxg3 $2 {[%mdl 8192] KR-KB} (74... Rxb3 $11 75. d6 Kd8) 75. Kd6 $2 (75. d6 $1 $18) 75... Kd8 $1 $17 76. e5 h5 $1 77. Ke6 $2 (77. Bd7 $17) 77... Rc3 $2 (77... h4 $1 $19 78. d6 Rc3) 78. Kf7 {[#]} (78. Kf6 $1 $11 {keeps the balance.}) 78... Re3 (78... Rxb3 $2 79. d6 Rd3 80. e6 Rxd6 81. e7+ Kc7 {[#]} 82. e8=Q $1 $18) ({Better is} 78... Rc2 $1 $17 {Threatens to win with ...h4.} 79. Kf6 Rf2+ 80. Kg5 Ke7) 79. Kf6 {d6 is the strong threat. The position is equal.} Rf3+ (79... Rxb3 $2 80. d6 Rd3 81. Kf7 $18) 80. Kg6 {Black must now prevent d6.} Rg3+ (80... h4 $5 81. d6 Rc3 $11) 81. Kf6 {Hoping for d6.} Rf3+ (81... Rxb3 82. d6 Rc3 83. Be4 $18) 82. Kg6 Rg3+ (82... h4 $5 83. d6 Rc3 $11) 83. Kf6 Rf3+ (83... Rxb3 84. d6 Rc3 85. Be4 $18) 84. Kg6 {What a bad dream for Black.  Weighted Error Value: White=0.10 (very precise) /Black=0.09 (flawless)} 1/2-1/2

[Event "15th Paleochora Open 2022"]
[Site "Paleochora"]
[Date "2022.07.24"]
[Round "9.13"]
[White "Ayza Leon, David"]
[Black "Antic, Dejan"]
[Result "0-1"]
[ECO "C02"]
[WhiteElo "2278"]
[BlackElo "2452"]
[Annotator "TA"]
[PlyCount "132"]
[EventDate "2022.07.17"]
[EventType "swiss"]
[EventCountry "GRE"]
[SourceTitle "playchess.com"]
[Source "ChessBase"]
[SourceQuality "1"]
[TimeControl "40/5400+30:900+30"]

1. e4 e6 2. d4 d5 3. e5 c5 4. c3 Nc6 5. Nf3 Qb6 6. a3 Nh6 7. b4 cxd4 8. cxd4 Nf5 9. Be3 Bd7 10. Nc3 (10. Bd3 $11) 10... Nxe3 $17 {C02: French: Advance Variation.} (10... Nxb4 {seems wilder.} 11. Rb1 Nxe3 12. fxe3 Rc8) 11. fxe3 {[#]} Nxb4 $1 12. axb4 (12. Rb1 Rc8) 12... Bxb4 {Black is better.} 13. Qb3 Rc8 14. Rc1 Qa5 15. Kf2 Bxc3 16. Qxb7 Ke7 {[#]} 17. Rb1 $146 ({Predecessor:} 17. Qb3 Qb4 18. Qd1 Bb2 19. Rxc8 Rxc8 20. Qd3 Qc3 21. Qa6 Qa3 22. Qxa3+ Bxa3 23. Bd3 Rc1 24. Rxc1 Bxc1 25. Ba6 h6 26. Ne1 Kd8 27. Nc2 Kc7 28. Ke1 Ba4 {0-1 (28) Petrenko,S (2301)-Zacurdajev,M (2384) Peterhof 2007}) 17... Rb8 {The board is on fire.} 18. Qxb8 Rxb8 19. Rxb8 Qc7 $1 20. Rb1 a5 $1 21. Bd3 a4 $36 {[%mdl 2048] Black is really pushing.} 22. Rhc1 a3 {Strongly threatening ...a2.} 23. Rb3 {[#]} Qa5 24. Rcxc3 (24. Rbxc3 a2) 24... a2 25. Rc1 a1=Q 26. Rxa1 Qxa1 27. Be2 Qa2 28. Rb8 f6 29. h4 Be8 30. Rb7+ Kf8 $1 31. Kf1 (31. Rb6 $15) 31... Qa8 (31... Bh5 $19 32. Rb8+ Kf7 33. Rb7+ Kg6 34. exf6 Kxf6) 32. Rb6 Ke7 33. Kf2 Qa7 34. Rb2 Bg6 35. Bf1 Kf7 36. Be2 Qc7 37. Bf1 (37. exf6 $17 {was necessary.} gxf6 38. g3) 37... Be4 $19 38. exf6 gxf6 39. Be2 Kg7 40. Ra2 h6 41. Rb2 e5 42. dxe5 (42. Rb5 $142) 42... fxe5 43. Rb4 (43. Nd2 {might work better.} Qf7+ 44. Nf3) 43... Qe7 44. Ra4 Bxf3 45. gxf3 {[%mdl 4096] Endgame KQ-KRB} e4 46. fxe4 Qxh4+ 47. Kg2 $2 (47. Kf3 Qh1+ 48. Kf2) 47... dxe4 48. Ra7+ Kf6 49. Ra6+ Ke5 (49... Ke7 $142 50. Ra4 Qg5+ 51. Kf2 Qf5+ 52. Ke1 h5 53. Ra7+ Kd6 54. Ra6+ Kc7 55. Ra7+ Kb8) 50. Ra1 Kd6 {And now ...Qg5+ would win.} 51. Rh1 Qg5+ 52. Kf2 Qf6+ $1 53. Kg2 $2 (53. Kg3) 53... Kc5 $1 54. Rc1+ $2 (54. Rb1) 54... Kd5 $2 (54... Kb6 $1 $19 {and Black stays clearly on top. ...Qb2 is the strong threat.} 55. Rh1 Ka5 56. Rh5+ Kb4) 55. Rd1+ Kc5 $2 (55... Kc6 $17 56. Rc1+ Kb6) 56. Rc1+ $1 Kb6 $1 {Hoping for ...Qb2.} 57. Rb1+ {[#]} Ka5 $1 58. Rb5+ Ka4 {White must now prevent ...Qh4.} 59. Rh5 (59. Rb1 $142) 59... Kb3 60. Rh3 Kc3 61. Bh5 Kd2 62. Rg3 Ke1 63. Kh3 Kf2 64. Rg4 Qa1 (64... Qf5 $142 65. Kh4 Qe5 66. Rg6 Qh2+ 67. Kg4 Kxe3 68. Rb6 Qg2+ 69. Kf5 Qg5+ 70. Ke6 Qxh5 71. Rb8 Qg4+ 72. Ke7 Kf4 73. Rf8+ {[#]} Qf5 $3 74. Rf6 Qxf6+ 75. Kxf6 h5 76. Kf7 h4 77. Kg8 h3 78. Kf8 e3 79. Kf7 h2 80. Kf6 e2 81. Ke7 h1=Q 82. Kd6 e1=Q 83. Kc5 Qc3+ 84. Kb6 Qcc6+ 85. Ka7 Qb7#) 65. Rg3 Qh1+ 66. Kg4 {[#]} Qxh5+ $3 {[%mdl 512] Weighted Error Value: White=0.60/Black=0.27 (precise)} 0-1

[Event "15th Paleochora Open 2022"]
[Site "Paleochora"]
[Date "2022.07.24"]
[Round "9.14"]
[White "Levi, Netanel"]
[Black "Vlachos, Anatole"]
[Result "0-1"]
[ECO "C54"]
[WhiteElo "2193"]
[BlackElo "2433"]
[Annotator "RC"]
[PlyCount "50"]
[EventDate "2022.07.17"]
[EventType "swiss"]
[EventCountry "GRE"]
[SourceTitle "playchess.com"]
[Source "ChessBase"]
[SourceQuality "1"]
[TimeControl "40/5400+30:900+30"]

1. e4 e5 2. Nf3 Nc6 3. Bc4 Bc5 4. c3 Nf6 5. d4 exd4 6. cxd4 Bb4+ 7. Nbd2 Nxe4 8. d5 Ne7 9. a3 Nxd2 10. Bxd2 Bxd2+ 11. Qxd2 d6 12. O-O-O O-O 13. h4 Bg4 14. h5 h6 15. Rh4 Bxf3 16. gxf3 Ng6 17. Rg4 Ne5 18. Rg3 Kh8 19. Rdg1 Nxc4 20. Qd4 Ne5 21. f4 Qh4 22. Qd2 Nd7 23. Rxg7 Rg8 24. Qd4 Qf6 25. Rxg8+ Rxg8 0-1

[Event "15th Paleochora Open 2022"]
[Site "Paleochora"]
[Date "2022.07.24"]
[Round "9.15"]
[White "Kalogeris, Ioannis"]
[Black "Baillon, Olivier"]
[Result "1-0"]
[ECO "B52"]
[WhiteElo "2406"]
[BlackElo "2219"]
[Annotator "TA"]
[PlyCount "103"]
[EventDate "2022.07.17"]
[EventType "swiss"]
[EventCountry "GRE"]
[SourceTitle "playchess.com"]
[Source "ChessBase"]
[SourceQuality "1"]
[TimeControl "40/5400+30:900+30"]

1. e4 c5 2. Nf3 d6 3. Bb5+ Bd7 4. Bxd7+ Nxd7 5. O-O Ngf6 6. Re1 e6 7. c3 Be7 8. d4 O-O {outshines the older 8...cxd4.} 9. e5 Ne8 {B52: Sicilian: Moscow Variation with 3...Bd7.} 10. exd6 Bxd6 {[#]} 11. Na3 $146 ({Predecessor:} 11. Nbd2 Nef6 12. Qe2 Qc7 13. Nc4 Be7 14. Bg5 cxd4 15. Nxd4 Rac8 16. Ne3 Rfe8 17. Rad1 {½-½ (45) Nakamura,H (2736)-Dubov,D (2699) chess24.com INT 2020}) 11... cxd4 {[#] Threatens to win with ...Bxa3. The position is equal.} 12. Nc4 Bc5 13. Nxd4 Nb6 14. Na5 Qe7 15. Nab3 Rd8 16. Qf3 Bxd4 17. Nxd4 Rd5 18. b3 {White is more active.} Nd6 19. a4 ({But not} 19. Ba3 Rd8 $14) 19... Qh4 ({Better is} 19... Re8) 20. Ba3 Nbc8 (20... Rd8 $16) 21. Nb5 $18 Rd8 {[%cal Bf8d8,Bd8d3,Bd3c3][%mdl 32] [#]} 22. g3 $2 (22. c4 $1 $18 Rh5 23. h3 Nxb5 24. axb5) 22... Qf6 $1 $14 23. Qxf6 gxf6 24. Nc7 (24. Bxd6 $14 Nxd6 25. Nxa7) 24... Rd3 25. Rad1 $1 Nf5 26. Rxd3 Rxd3 27. Ne8 Rxc3 28. Nxf6+ Kg7 29. Ne8+ Kg6 30. Re4 $1 {Threatening mate with Rg4+.} h5 {Against Rg4+} (30... Rxb3 {is a self mate.} 31. Rg4+ Kh5 32. Nf6+ Kh6 33. Bf8+) 31. g4 Nh6 32. gxh5+ Kxh5 33. Rb4 b6 $1 34. Bb2 Rc5 35. Nf6+ Kg6 36. Nd7 Rc2 37. Be5 Ne7 38. Nf8+ Kf5 39. Bg7 (39. Bg3 $1 $11) 39... Ng4 $17 {And now ...Nd5 would win.} 40. h3 $2 (40. Rc4 $17 Rxc4 41. bxc4) 40... Nxf2 $19 41. Rh4 Kg5 42. Rh7 Nf5 {Prevents Bd4. Hoping for ...Kf4.} 43. Be5 Nd3 44. Bb8 (44. Rxf7 $142 Rc1+ 45. Kg2 Nxe5 46. Nxe6+ Kg6 47. Rf8 Rc2+ 48. Kf1) 44... Rc8 45. Rxf7 Rxb8 46. Nxe6+ Kg6 47. Rxa7 Re8 48. Nc7 Re2 (48... Re1+ $142 49. Kg2 Nh4+ 50. Kh2 Re2+ 51. Kg3 Rg2+ 52. Kxh4 Ne5 53. Ne8 Nf3#) 49. Ra8 Ne3 50. Rg8+ Kf5 {( -> ...Ne5)} 51. Nb5 {aiming for Nd4+.} Ke4 {[%mdl 8192] Inhibits Nd4.} (51... Kf4 $19 52. Nc3 Re1+ 53. Kh2 Kf3 54. Rg3+ Kf2 55. Ne4+ Ke2 56. Nc3+ Kd2 57. Ne4+ Kc2) 52. Nc3+ {Quite a comeback for White.  Weighted Error Value: White=0.47/Black=0.55} 1-0

[Event "15th Paleochora Open 2022"]
[Site "Paleochora"]
[Date "2022.07.24"]
[Round "9.16"]
[White "Simonetto, Andrea"]
[Black "Maltsevskaya, Aleksandra"]
[Result "0-1"]
[ECO "B40"]
[WhiteElo "2273"]
[BlackElo "2378"]
[Annotator "TA"]
[PlyCount "64"]
[EventDate "2022.07.17"]
[EventType "swiss"]
[EventCountry "GRE"]
[SourceTitle "playchess.com"]
[Source "ChessBase"]
[SourceQuality "1"]
[TimeControl "40/5400+30:900+30"]

1. e4 c5 2. Nf3 e6 3. g3 b6 4. d4 cxd4 5. Nxd4 Bb7 6. Bg2 {B40: Sicilian: 2...e6, Unusual lines.} Nf6 7. Nc3 Bb4 8. O-O $1 {White is better.} Bxc3 9. bxc3 Bxe4 10. Bxe4 Nxe4 11. Qg4 f5 (11... Nf6 $16 12. Qxg7 Rg8) 12. Qxg7 $18 Qf6 {[#]} 13. Qxf6 $146 ({White has to play} 13. Nxe6 $1 $18 dxe6 (13... Qxg7 14. Nxg7+) 14. Qb7) ({Predecessor:} 13. Nxe6 dxe6 14. Qb7 Qe7 15. Qc8+ Qd8 16. Qxe6+ Qe7 17. Qc8+ Qd8 18. Qxf5 Nf6 19. Bg5 Nbd7 20. Rad1 O-O 21. Bxf6 Qxf6 22. Qg4+ Kh8 23. Rxd7 Rac8 24. Qe4 {1-0 (24) Haria,R (2465)-Bosboom,M (2395) Struga 2021}) 13... Nxf6 $14 14. Nb5 {aiming for Nc7+.} Na6 {Against Nc7+} 15. a4 Ke7 16. Bf4 Rhc8 17. a5 Nd5 18. Bd6+ Kf6 $1 19. Rfe1 Kg6 20. Ra3 Nc5 21. c4 Nb4 {Pair of Knights!} 22. Re2 bxa5 {White should prevent ...Nb7.} 23. Nc7 Ne4 $1 24. Bf4 Rab8 {Threatens to win with ...Rb7.} 25. f3 Ng5 {Hoping for ...Nh3+.} 26. Kg2 {[#] Against Nh3} (26. Nxe6 $1 $15 Nxe6 27. Bxb8 Rxb8 28. Rd2) 26... Rb7 $1 $17 27. Nb5 {Black must now prevent Nd6.} Nf7 ({Black should try} 27... Rxc4 $19 28. Nd6 Rxc2 29. Rxc2 Nxc2) 28. Rxa5 Rxc4 {And now ...Nc6 would win.} 29. Nxa7 (29. Na3 $17 Rc6 30. Be3) 29... Rxc2 30. Rxc2 Nxc2 31. Bd2 (31. Nb5 $142) 31... Rb2 $19 32. Bc3 $2 (32. Kh1 $19) 32... Ne3+ {What a bad dream for White.  Weighted Error Value: White=0.50/Black=0.16 (very precise)} 0-1

[Event "15th Paleochora Open 2022"]
[Site "Paleochora"]
[Date "2022.07.24"]
[Round "9.18"]
[White "Szente Varga, Fruzsina"]
[Black "Naoum, Spyridon"]
[Result "0-1"]
[ECO "B40"]
[WhiteElo "2092"]
[BlackElo "2346"]
[Annotator "TA"]
[PlyCount "60"]
[EventDate "2022.07.17"]
[EventType "swiss"]
[EventCountry "GRE"]
[SourceTitle "playchess.com"]
[Source "ChessBase"]
[SourceQuality "1"]
[TimeControl "40/5400+30:900+30"]

1. e4 c5 2. Nf3 e6 3. b3 Nc6 4. Bb2 Nf6 5. e5 Ng4 6. Bb5 {B40: Sicilian: 2...e6, Unusual lines.} Be7 7. Bxc6 {[#]} bxc6 $146 ({Predecessor:} 7... dxc6 8. Nc3 O-O 9. h3 Nh6 10. Ne4 Nf5 11. O-O Nd4 12. Re1 b6 13. Nxd4 cxd4 {1-0 (45) Porter,R (2241)-Efremov,V (2173) Chess.com INT 2021}) 8. h3 {White is slightly better.} Nh6 9. Nc3 f6 10. Ne4 {exf6 is the strong threat.} fxe5 11. Nxe5 O-O 12. O-O (12. Qh5 {looks sharper.} a5 13. g4 Nf7 14. h4) 12... Qc7 13. f4 d6 14. Ng4 {aiming for Nxh6+. Pair of Knights!} Nf5 15. Ne3 Nd4 16. Qh5 Bd7 17. Ng5 Bxg5 18. fxg5 (18. Qxg5 $14 Rf6 19. Rf2) 18... e5 $11 19. c3 g6 20. Qh4 Ne2+ 21. Kh1 {Threatens to win with Qc4+.} Nf4 {Active counter play!} 22. d4 Nd3 23. Ba3 Rf4 24. Rxf4 exf4 25. dxc5 $2 d5 $2 (25... fxe3 $19 26. Qc4+ d5 27. Qxd3 Qg3) 26. Nc2 {[#]} (26. Rd1 $1 $11) 26... Bf5 (26... f3 $1 $17 {And now ...Re8 would win.} 27. gxf3 Rf8) 27. Ne1 Ne5 (27... Rf8 $15) 28. Qxf4 {Strongly threatening Bb2.} Be4 $1 {Hoping for ...Rf8.} 29. Qg3 (29. Qe3 $11 {keeps the balance.}) 29... Rf8 $17 {[%cal Oe5g4][%mdl 1024] ( -> ...Ng4!). Black has strong compensation.} 30. c4 $2 {[%mdl 8192] [#]} (30. Nf3 $17 Bxf3 31. c4) 30... Ng4 $1 {[%mdl 512] Weighted Error Value: White=0.64/Black=0.24 (precise)} 0-1